 Dungeon Crawl Stone Soup version 0.21-a0-536-gdbbf329 (webtiles) character file.

21577 torrenera the Fighter (level 12, -2/99 HPs)
             Began as a Demonspawn Ice Elementalist on Dec 12, 2017.
             Was a High Priest of Sif Muna.
             Slain by a dire elephant (36 damage)
             ... on level 2 of the Lair of Beasts on Dec 14, 2017.
             The game lasted 01:23:09 (18250 turns).

torrenera the Fighter (DsIE)                       Turns: 18250, Time: 01:23:09

Health: -2/99      AC: 23    Str: 10    XL:     12   Next: 55%
Magic:  10/24      EV: 19    Int: 25    God:    Sif Muna [*****.]
Gold:   222        SH:  0    Dex: 17    Spells: 8/27 levels left

rFire    + + .     SeeInvis .   b - +6 scimitar "Fannof" {freeze, rF+ Dex+4}
rCold    . . .     Gourm    .   (no shield)
rNeg     . . .     Faith    .   u - +2 robe {MR+}
rPois    .         Spirit   .   q - +0 helmet
rElec    .         Reflect  .   G - +1 cloak
rCorr    .         Harm     .   D - +1 pair of gloves
MR       +....                  n - +0 pair of boots {Stlth+}
Stlth    ++++......             K - amulet of rage
HPRegen  0.26/turn              X - +4 ring of intelligence
MPRegen  0.19/turn              d - ring of stealth

@: icy armour, divine energy, slow
A: hooves 2, iridescent scales 3, demonic guardian 1, fire resistance 1, flame
cloud immunity
a: Stop Divine Energy, Channel Magic, Forget Spell, Renounce Religion, Evoke
Berserk Rage


You were on level 2 of the Lair of Beasts.
You worshipped Sif Muna.
Sif Muna was extremely pleased with you.
You were near starving.

You visited 3 branches of the dungeon, and saw 14 of its levels.

You collected 739 gold pieces.
You spent 517 gold pieces at shops.

Inventory:

Hand Weapons
 a - a +1 scimitar of flaming
 b - the +6 scimitar "Fannof" (weapon) {freeze, rF+ Dex+4}
   (You bought it in a shop on level 9 of the Dungeon)

   It has been specially enchanted to freeze those struck by it, causing extra
   injury to most foes and up to half again as much damage against particularly
   susceptible opponents.
   It can also slow down cold-blooded creatures.
   It affects your dexterity (+4).
   It protects you from fire.
 p - the +5 spear of Vausau {freeze, rPois MR+ Str-4}
   (You found it on level 6 of the Dungeon)

   It has been specially enchanted to freeze those struck by it, causing extra
   injury to most foes and up to half again as much damage against particularly
   susceptible opponents.
   It can also slow down cold-blooded creatures.
   It affects your strength (-4).
   It protects you from poison.
   It affects your resistance to hostile enchantments.
Armour
 n - a +0 pair of boots of stealth (worn)
 q - a +0 helmet (worn)
 u - a +2 robe of magic resistance (worn)
 D - a +1 pair of gloves (worn)
 G - a +1 cloak (worn)
Jewellery
 d - a ring of stealth (right hand)
 K - an amulet of rage (around neck)
 X - a +4 ring of intelligence (left hand)
Wands
 C - a wand of disintegration (9)
 L - a wand of scattershot (4)
 O - a wand of flame (29)
Scrolls
 i - 3 scrolls of blinking
 m - 8 scrolls of teleportation
 t - 4 scrolls of magic mapping
 w - a scroll of random uselessness {unknown}
 x - a scroll of amnesia
 y - 5 scrolls of remove curse
 z - a scroll of enchant armour {unknown}
 B - a scroll of fear
 H - a scroll of immolation {unknown}
 J - 4 scrolls of identify
 R - a scroll of summoning {unknown}
 W - a scroll of enchant weapon
Potions
 e - a potion of cancellation
 j - a potion of heal wounds {unknown}
 l - 2 potions of magic {unknown}
 o - 3 potions of ambrosia {unknown}
 r - 4 potions of lignification
 s - 5 potions of curing
 v - 2 potions of agility
 A - 3 potions of flight
 I - a potion of haste {unknown}
 Q - a potion of resistance
 Z - 2 potions of berserk rage {unknown}
Books
 f - a book of Air

   Spells                             Type                      Level
   a - Shock                          Conjuration/Air              1
   b - Swiftness                      Charms/Air                   2
   c - Static Discharge               Conjuration/Air              3
   d - Airstrike                      Air                          4
   e - Lightning Bolt                 Conjuration/Air              5
 E - Sif Muna's Primer on Witchery
   (Sif Muna gifted it to you on level 2 of the Lair of Beasts)

   Spells                             Type                      Level
   a - Mephitic Cloud                 Conjuration/Poison/Air       3
   b - Summon Guardian Golem          Hexes/Summoning              3
   c - Tukima's Dance                 Hexes                        3
   d - Call Canine Familiar           Summoning                    3
   e - Recall                         Summoning/Translocation      3
 F - a book of Necromancy

   Spells                             Type                      Level
   a - Pain                           Necromancy                   1
   b - Animate Skeleton               Necromancy                   1
   c - Vampiric Draining              Necromancy                   3
   d - Regeneration                   Charms/Necromancy            3
   e - Animate Dead                   Necromancy                   4
   f - Control Undead                 Necromancy                   4
 T - a book of Misfortune

   Spells                             Type                      Level
   a - Confusing Touch                Hexes                        1
   b - Confuse                        Hexes                        3
   c - Gell's Gravitas                Translocation                3
   d - Petrify                        Transmutation/Earth          4
   e - Metabolic Englaciation         Hexes/Ice                    5
   f - Yara's Violent Unravelling     Hexes/Transmutation          5
Miscellaneous
 k - a lightning rod (3/4)
 V - a box of beasts
Comestibles
 c - 12 bread rations
 g - 2 meat rations
 N - 51 fruits
 U - 5 royal jellies


   Skills:
 - Level 10.9 Fighting
 * Level 9.9 Dodging
 - Level 1.7 Stealth
 * Level 8.4 Spellcasting
 - Level 1.0 Conjurations
 - Level 3.1 Summonings
 - Level 3.1 Necromancy
 - Level 10.4 Ice Magic


You had 8 spell levels left.
You knew the following spells:

 Your Spells              Type           Power        Failure   Level  Hunger
a - Freeze                Ice            ####         1%          1    None
b - Ozocubu's Armour      Chrm/Ice       #####...     1%          3    None
d - Throw Icicle          Conj/Ice       #####...     5%          4    ##.....
e - Summon Ice Beast      Ice/Summ       #####...     3%          4    ##.....
f - Animate Skeleton      Necr           N/A          1%          1    None
g - Apportation           Tloc           ##....       6%          1    None
h - Swiftness             Chrm/Air       ##......     9%          2    None
i - Regeneration          Chrm/Necr      ###.......   9%          3    None


Dungeon Overview and Level Annotations

Branches:
Dungeon (11/15)            Temple (1/1) D:4            Lair (2/6) D:11
 Spider (0/4) Lair:2          Orc (0/2) D:9
  Swamp: Lair:2-4    Shoals: Lair:2-4

Altars:
Ashenzari
Cheibriados
Dithmenos
Elyvilon
Fedhas
Gozag
Hepliaklqana
Kikubaaqudgha
Nemelex Xobeh
Okawaru
Qazlal
Ru
Sif Muna
Trog
Uskayaw
Vehumet
Wu Jian
Xom
Yredelemnul
The Shining One

Shops:
D:8 [   D:9 (   D:10 *   D:11 %


Innate Abilities, Weirdness & Mutations

You have hoof-like feet.
You are completely covered in iridescent scales. (AC +6)
A weak demonic guardian rushes to your aid.
Your flesh is heat resistant. (rF+)
You are immune to clouds of flame.


Message History

Your white imp hits the dire elephant but does no damage.
Your ice beast hits the dire elephant.
Your ice beast freezes the dire elephant!
Casting: Summon Ice Beast
Confirm with . or Enter, or press ? or * to list all spells.
A film of ice covers your body! The dire elephant tramples you!
You hold your ground!
The dire elephant closely misses you.
Your white imp gestures at the dire elephant.
The puff of frost hits the dire elephant.
Your ice beast hits the dire elephant but does no damage. x2
You hit the dire elephant. You freeze the dire elephant.
The dire elephant is lightly wounded.
Your white imp disappears in a puff of smoke!
The dire elephant misses you. The dire elephant trunk-slaps you!
Your ice beast hits the dire elephant.
Your ice beast freezes the dire elephant!
Your ice beast completely misses the dire elephant.
Your ice beast hits the dire elephant but does no damage.
The dire elephant tramples you!!!
You die...

#♣##≈#
♣≈≈≈♣♣≈≈≈≈≈≈≈≈≈≈≈.....
#≈≈≈≈#
#≈≈≈≈≈≈≈≈.≈≈≈≈≈≈......
#≈≈≈##
♣≈≈≈≈≈≈≈≈..≈≈≈........
#≈###
♣≈≈≈≈≈≈≈..........♣♣..
#≈≈#♣#
♣PP≈P≈≈.........♣♣♣...
#≈≈≈≈# ♣..≈≈≈.........♣♣
♣♣[. #≈..≈#
#♣...§Y.....P♣♣♣ ♣♣..
#.([.# ♣..YYY....♣♣♣
♣♣... #♣).♣# ♣♣..@..♣♣♣♣
♣♣.... #### ♣♣♣♣♣♣♣
♣♣♣>.... ♣♣♣ ♣♣♣♣♣♣♣
♣♣.......
♣♣.♣♣♣♣.♣.♣.♣♣♣........
♣......................
###......................
#P.......................
##.......................
#.......................


You could see a dire elephant and 3 friendly ice beasts.

Vanquished Creatures
  A hydra (Lair:1)
  5 two-headed ogres
  A deep elf archer (D:9)
  A lindwurm (Lair:2)
  A gargoyle (D:11)
  A centaur skeleton (D:11)
  2 rime drakes (Lair:2)
  A troll (D:11)
  A blink frog (Lair:1)
  7 hippogriffs
  3 basilisks
  A wyvern (D:8)
  4 yaks (Lair:2)
  Edmund (D:4)
  2 acid dragons (D:11)
  2 water moccasins
  4 porcupines
  An orc warrior (D:7)
  3 ice beasts
  2 phantoms
  An eye of draining (D:11)
  A necrophage (D:6)
  3 sky beasts
  6 wolves (Lair:2)
  2 centaurs (D:9)
  9 ogres
  2 crocodiles
  5 big kobolds
  6 bullfrogs
  A water moccasin skeleton (D:10)
  5 scorpions
  8 killer bees
  6 wights
  2 electric eels
  2 howler monkeys
  7 crimson imps
  2 centaur zombies
  9 hounds
  A jelly (D:10)
  11 orc wizards
  2 bullfrog zombies
  A gnoll shaman (D:6)
  2 orc priests
  Jessica (D:2)
  3 iguanas
  2 hell rats (Lair:2)
  10 worker ants
  2 worker ant zombies (D:11)
  Robin (D:1)
  13 adders
  9 gnolls
  A howler monkey skeleton (D:4)
  4 river rats (Lair:2)
  A hound simulacrum (D:9)
  6 shadow imps
  3 oozes (D:1)
  5 worms
  4 dart slugs
  6 leopard geckos
  42 orcs
  8 bats
  12 giant cockroaches
  9 hobgoblins
  14 jackals
  20 kobolds
  9 quokkas
  A ball python (D:4)
  5 frilled lizards
  14 goblins
  A leopard gecko skeleton (D:5)
  A quokka zombie (D:5)
  14 rats
359 creatures vanquished.

Vanquished Creatures (collateral kills)
  3 hydras
  Erica (Lair:1)
  3 two-headed ogres
  An elephant (Lair:2)
  5 spiny frogs
  A yaktaur (shapeshifter) (D:9)
  A komodo dragon (Lair:1)
  2 trolls
  3 blink frogs
  4 hippogriffs
  2 redbacks (Lair:2)
  A shadow (D:9)
  7 yaks
  2 hungry ghosts
  A porcupine (Lair:1)
  2 sky beasts (D:9)
  An orc warrior (D:11)
  2 ice beasts
  A black bear (D:9)
  3 ogres
  3 bullfrogs
  2 hounds
  2 jellies
  2 centaur skeletons
  2 hell rats (Lair:2)
  An iguana (D:11)
  A worker ant (D:8)
  A hound skeleton (D:9)
  A gnoll (D:9)
  3 river rats (Lair:2)
  6 orcs
  3 kobolds
  2 rats (Lair:2)
  A bush (Lair:1)
  2 butterflies (Lair:1)
  A plant (Lair:1)
79 creatures vanquished.

Vanquished Creatures (others)
  A bush (Lair:1)
  10 fungi
  23 plants
  7 toadstools (Lair:2)
41 creatures vanquished.

Grand Total: 479 creatures vanquished

Notes
Turn   | Place    | Note
-------+----------+-------------------------------------------
     0 | D:1      | torrenera the Demonspawn Ice Elementalist began the quest for the Orb.
     0 | D:1      | Reached XP level 1. HP: 13/13 MP: 3/3
     1 | D:1      | Found a runed door.
   434 | D:1      | Gained mutation: Your flesh is heat resistant. (rF+) [demonic ancestry]
   434 | D:1      | Reached XP level 2. HP: 18/19 MP: 1/5
  1129 | D:1      | Gained mutation: You have large cloven feet. [demonic ancestry]
  1129 | D:1      | Reached XP level 3. HP: 24/24 MP: 6/6
  2084 | D:2      | Reached XP level 4. HP: 30/30 MP: 5/8
  2114 | D:2      | Noticed Robin
  2179 | D:1      | Killed Robin
  2311 | D:1      | Learned a level 3 spell: Ozocubu's Armour
  2314 | D:1      | Learned a level 2 spell: Throw Frost
  2698 | D:1      | Gained mutation: You are partially covered in iridescent scales. (AC +2) [demonic ancestry]
  2698 | D:1      | Reached XP level 5. HP: 12/35 MP: 2/10
  3292 | D:2      | Noticed Jessica
  3300 | D:2      | Killed Jessica
  3775 | D:3      | Learned a level 4 spell: Throw Icicle
  3851 | D:3      | Reached XP level 6. HP: 33/41 MP: 3/12
  4193 | D:3      | Reached skill level 5 in Ice Magic
  4485 | D:4      | Found a radiant altar of Vehumet.
  4489 | D:4      | Found a bloodstained altar of Trog.
  4548 | D:4      | Reached skill level 5 in Spellcasting
  4691 | D:4      | Noticed Edmund
  4693 | D:4      | Reached XP level 7. HP: 46/46 MP: 10/14
  4714 | D:4      | Upgraded the game from 0.21-a0-531-gacddea6 to 0.21-a0-536-gdbbf329
  4715 | D:4      | Killed Edmund
  5361 | D:4      | Found a staircase to the Ecumenical Temple.
  5367 | Temple   | Entered the Ecumenical Temple
  5584 | Temple   | Became a worshipper of Sif Muna the Loreminder
  6139 | D:5      | Entered Level 5 of the Dungeon
  6292 | D:5      | Gained mutation: You have hoof-like feet. [demonic ancestry]
  6292 | D:5      | Reached XP level 8. HP: 52/52 MP: 14/17
  6706 | D:5      | Learned a level 4 spell: Summon Ice Beast
  6827 | D:5      | Learned a level 1 spell: Animate Skeleton
  6888 | D:5      | Reached * piety under Sif Muna
  7071 | D:5      | Reached skill level 1 in Summonings
  8091 | D:6      | Gained mutation: A weak demonic guardian rushes to your aid. [demonic ancestry]
  8091 | D:6      | Reached XP level 9. HP: 57/57 MP: 6/19
  8273 | D:6      | Reached ** piety under Sif Muna
  8418 | D:6      | Reached skill level 1 in Fighting
  8790 | D:6      | Got a transparent spear
  8791 | D:6      | Identified the +5 spear of Vausau {freeze, rPois MR+ Str-4} (You found it on level 6 of the Dungeon)
  9351 | D:7      | Found a snail-covered altar of Cheibriados.
  9574 | D:7      | Found a shadowy altar of Dithmenos.
 10083 | D:8      | Found Coavis's Antique Armour Boutique.
 10115 | D:8      | Learned a level 1 spell: Apportation
 10229 | D:8      | Noticed a two-headed ogre
 10238 | D:8      | Killed a two-headed ogre
 10238 | D:8      | Reached *** piety under Sif Muna
 10238 | D:8      | Reached skill level 10 in Ice Magic
 11130 | D:9      | Gained mutation: You are mostly covered in iridescent scales. (AC +4) [demonic ancestry]
 11130 | D:9      | Reached XP level 10. HP: 61/72 MP: 15/20
 11154 | D:9      | Learned a level 2 spell: Swiftness
 11234 | D:9      | Found Neaz's Antique Weapon Emporium.
 11245 | D:9      | Bought a transparent scimitar for 270 gold pieces
 11245 | D:9      | Identified the +6 scimitar "Fannof" {freeze, rF+ Dex+4} (You bought it in a shop on level 9 of the Dungeon)
 11277 | D:9      | Reached skill level 5 in Fighting
 11321 | D:9      | Noticed a two-headed ogre
 11338 | D:9      | Killed a two-headed ogre
 11486 | D:9      | Noticed a two-headed ogre
 11496 | D:9      | Killed a two-headed ogre
 11522 | D:9      | Noticed a two-headed ogre
 11538 | D:9      | Killed a two-headed ogre
 11538 | D:9      | Reached skill level 5 in Dodging
 11628 | D:9      | Learned a level 3 spell: Regeneration
 11651 | D:9      | Found a sparkling altar of Nemelex Xobeh.
 11801 | D:9      | Found a runed door.
 11807 | D:9      | Reached skill level 1 in Necromancy
 12158 | D:9      | Found a staircase to the Orcish Mines.
 12228 | D:9      | Noticed a glowing orange brain
 12395 | D:9      | Gained mutation: You are completely covered in iridescent scales. (AC +6) [demonic ancestry]
 12395 | D:9      | Reached XP level 11. HP: 69/86 MP: 14/21
 12479 | D:9      | Noticed a deep elf archer
 12488 | D:9      | Killed a deep elf archer
 12634 | D:10     | Entered Level 10 of the Dungeon
 13100 | D:10     | Noticed a two-headed ogre
 13109 | D:10     | Killed a two-headed ogre
 13446 | D:10     | Found Koank's Assorted Antiques.
 13456 | D:10     | Bought a glowing cloak for 247 gold pieces
 13545 | D:10     | Noticed a two-headed ogre
 13559 | D:10     | Killed a two-headed ogre
 13893 | D:10     | Reached **** piety under Sif Muna
 13955 | D:11     | Noticed a two-headed ogre
 14165 | D:11     | Killed a two-headed ogre
 14312 | D:11     | Noticed a two-headed ogre
 14322 | D:11     | Killed a two-headed ogre
 14327 | D:11     | Found Zecea's Food Emporium.
 14467 | D:11     | Reached skill level 10 in Fighting
 14472 | D:11     | Found a staircase to the Lair.
 15027 | Lair:1   | Entered Level 1 of the Lair of Beasts
 15141 | Lair:1   | Noticed a five-headed hydra
 15148 | Lair:1   | Killed a five-headed hydra
 15294 | Lair:1   | Noticed Erica
 15306 | Lair:1   | Killed Erica
 15562 | Lair:1   | Gained mutation: You are immune to clouds of flame. [demonic ancestry]
 15562 | Lair:1   | Reached XP level 12. HP: 96/98 MP: 16/22
 15630 | Lair:1   | Noticed an eight-headed hydra
 15641 | Lair:1   | Killed an eight-headed hydra
 16470 | Lair:2   | Noticed a six-headed hydra
 16651 | Lair:1   | Killed a six-headed hydra
 16807 | Lair:2   | Reached ***** piety under Sif Muna
 16839 | Lair:2   | Identified Sif Muna's Primer on Witchery (Sif Muna gifted it to you on level 2 of the Lair of Beasts)
 16839 | Lair:2   | Received a gift from Sif Muna
 16871 | Lair:2   | Noticed a four-headed hydra
 16878 | Lair:2   | Killed a four-headed hydra
 17004 | Lair:2   | Found a hole to the Spider Nest.
 17453 | Lair:2   | Found a runed door.
 17709 | Lair:2   | Noticed a dire elephant
 18250 | Lair:2   | Slain by a dire elephant

Vault maps used:
D:1:      dpeg_arrival_caged_fury, grunt_decor_cap, minmay_tromino_v7
D:2:      uniq_robin, uniq_jessica
D:4:      nicolae_overflow_hidden_temple, minmay_temple_entry_enclosed_plants,
          first_bread, uniq_edmund
D:6:      kennysheep_slugbush
D:7:      nicolae_dithmenos_the_darkroom, cheibriados_altar_1
D:8:      grunt_temple_overflow_order_and_chaos_2, serial_shops, shop,
          blue_anna_alchemist, lemuel_mausoleum_altar_kikubaaqudgha
D:9:      cheibrodos_fzero, nicolae_overflow_crystal_walls, orc_0_dummy,
          serial_shops, shop, minivault_13
D:10:     serial_shops, kennysheep_little_box
D:11:     lair_entry_dummy, serial_shops, nicolae_shop_trees, minivault_19
Temple:   eino_temple_scatter_basement
Lair:1:   serial_forest, infiniplex_forest_clump_cross,
          infiniplex_forest_clump_large, infiniplex_forest_clump_diagonal,
          infiniplex_forest_end_3, infiniplex_forest_straight_1,
          infiniplex_forest_lined_room_2, infiniplex_forest_clump_curved,
          infiniplex_forest_clump_long, lemuel_fruit_fields, uniq_erica
Lair:2:   gammafunk_lair_enchanted_lake, spider_nest_entry_webs,
          kennysheep_abandoned_house, lemuel_fruit_fields

Skill      XL: |  1  2  3  4  5  6  7  8  9 10 11 12 |
---------------+-------------------------------------+-----
Ice Magic      | 3 4 5 6 8 10 | 10.4
Spellcasting   | 3 4 5 6 8 |  8.4
Summonings     | 3 |  3.1
Fighting       | 4 8 10 | 10.9
Dodging        | 5 8 9 |  9.9
Necromancy     | 1 3 |  3.1
Stealth        | |  1.7
Conjurations   | |  1.0

Action                   |  1- 3 |  4- 6 |  7- 9 | 10-12 || total
-------------------------+-------+-------+-------+-------++-------
Melee: Unarmed           |     3 |       |       |       ||     3
       Short sword       |    20 |       |    21 |       ||    41
       Kick              |     3 |       |       |       ||     3
       Whip              |       |       |     8 |     2 ||    10
       Scimitar          |       |       |       |   333 ||   333
 Fire: Hunting sling     |    90 |   174 |   273 |    13 ||   550
       Blowgun           |       |       |     6 |       ||     6
Throw: Stone             |       |       |       |     2 ||     2
 Cast: Freeze            |    47 |   102 |   122 |    56 ||   327
       Throw Frost       |       |    12 |    14 |    15 ||    41
       Ozocubu's Armour  |       |     1 |     7 |    31 ||    39
       Throw Icicle      |       |       |    30 |    31 ||    61
       Animate Skeleton  |       |       |    15 |    60 ||    75
       Summon Ice Beast  |       |       |     4 |    53 ||    57
       Regeneration      |       |       |       |    15 ||    15
       Swiftness         |       |       |       |     2 ||     2
Invok: Divine Energy     |       |       |     1 |       ||     1
Evoke: Wand              |       |       |     2 |     7 ||     9
       Lightning rod     |       |       |       |     2 ||     2
  Use: Scroll            |       |     3 |     4 |     8 ||    15
       Potion            |       |       |       |     1 ||     1
 Stab: Distracted        |       |       |     1 |     6 ||     7
       Sleeping          |       |       |       |     7 ||     7
  Eat: Chunk             |     4 |     8 |    19 |    32 ||    63
       Bread ration      |       |       |     1 |       ||     1
Armor: Robe              |    35 |    49 |    68 |   251 ||   403
Dodge: Dodged            |    93 |   105 |   114 |   444 ||   756
       Rpst.: Scimitar   |       |       |       |   118 ||   118

Table legend:
 A = Spawn XP
 B = Non-spawn XP
 C = Spawn XP percentage of total XP
 D = Spawn monster count
 E = Non-spawn monster count
 F = Spawn count percentage of total count
 G = Total turns spent on level
                    A         B        C        D         E        F      G
               +---------+---------+-------+---------+---------+-------+---------
         Total |       0 |   30825 |   0.0 |       0 |     434 |   0.0 | 18250
               +---------+---------+-------+---------+---------+-------+---------
           D:1 |       0 |     161 |   0.0 |       0 |      51 |   0.0 |  2625
           D:2 |       0 |     107 |   0.0 |       0 |      24 |   0.0 |   835
           D:3 |       0 |     231 |   0.0 |       0 |      39 |   0.0 |   960
           D:4 |       0 |     873 |   0.0 |       0 |      28 |   0.0 |  1492
           D:5 |       0 |     622 |   0.0 |       0 |      18 |   0.0 |  1365
           D:6 |       0 |    1152 |   0.0 |       0 |      32 |   0.0 |  1314
           D:7 |       0 |     711 |   0.0 |       0 |      27 |   0.0 |  1167
           D:8 |       0 |    1635 |   0.0 |       0 |      22 |   0.0 |  1033
           D:9 |       0 |    6071 |   0.0 |       0 |      51 |   0.0 |  1684
          D:10 |       0 |    3607 |   0.0 |       0 |      38 |   0.0 |  1390
          D:11 |       0 |    3325 |   0.0 |       0 |      28 |   0.0 |   935
        Lair:1 |       0 |    5087 |   0.0 |       0 |      21 |   0.0 |  1389
        Lair:2 |       0 |    7243 |   0.0 |       0 |      55 |   0.0 |  1834
               +---------+---------+-------+---------+---------+-------+---------
